 Dungeon Crawl Stone Soup version 0.20.1-1-g8b1a95d (webtiles) character file.

170 Monsterracer the Chopper (level 5, 0/42 (43) HPs)
             Began as a Barachi Chaos Knight on Oct 19, 2017.
             Slain by a goblin
             ... wielding a +0 dagger
              (4 damage)
             ... on level 2 of the Dungeon.
             The game lasted 00:05:41 (3558 turns).

Monsterracer the Chopper (Barachi Chaos Knight)     Turns: 3558, Time: 00:05:42

HP:   0/42 (43)     AC:  5    Str: 14    XL:     5   Next: 51%
MP:   5/5           EV: 12    Int: 12    God:    Xom [..*...]
Gold: 198           SH:  0    Dex: 12    Spells: 4/4 levels left

rFire    . . .     SeeInvis +   b - +0 hand axe
rCold    . . .     Gourm    .   (no shield)
rNeg     . . .     Faith    .   g - +2 leather armour
rPois    .         Spirit   .   (no helmet)
rElec    .         Reflect  .   (no cloak)
rCorr    .         Harm     .   (no gloves)
MR       .....                  (no boots)
Stlth    +.........             (no amulet)
Regen    0.2/turn               p - ring of see invisible
MPRegen  0.1/turn               (no ring)

@: slow
A: +LOS, swims, slowness 1, strong legs 1
a: Hop, Renounce Religion


You were on level 2 of the Dungeon.
You worshipped Xom.
You were a toy of Xom.
You were hungry.

You visited 1 branch of the dungeon, and saw 4 of its levels.

You collected 198 gold pieces.

Inventory:

Hand Weapons
 a - a +0 hand axe of chaos
 b - a +0 hand axe (weapon)
 s - a +0 hand axe
 v - a +1 mace of crushing
 w - a +0 trident
Armour
 g - a +2 leather armour (worn)
 t - a +0 chain mail
Jewellery
 p - a ring of see invisible (left hand)
 x - an uncursed ring of ice
Scrolls
 e - 2 scrolls of recharging
 f - a scroll of teleportation {unknown}
 h - 2 scrolls of blinking {unknown}
 i - 3 scrolls of identify
 n - 2 scrolls of fog {unknown}
 o - a scroll of enchant armour {unknown}
 q - a scroll of random uselessness {unknown}
 r - 2 scrolls of remove curse {unknown}
 u - 2 scrolls of amnesia {unknown}
Potions
 j - a potion of flight
 k - 2 potions of ambrosia
 l - a potion of lignification {unknown}
 m - a potion of heal wounds {unknown}
 z - a potion of haste {unknown}
Comestibles
 c - 3 bread rations
 d - a royal jelly


   Skills:
 + Level 4.4 Fighting
 * Level 4.9 Axes
 + Level 3.9 Armour
 + Level 2.3 Dodging


You had 4 spell levels left.
You didn't know any spells.

Dungeon Overview and Level Annotations

Branches:
Dungeon (4/15)
 Temple: D:4-7

Altars:

Shops:
D:4 *

Annotations:
D:4 Frank's ghost, amateur OpFi


Innate Abilities, Weirdness & Mutations

Shadows flee at your approach. (+LOS)
You can swim through water.
You cover ground slowly.
You can hop short distances.


Message History

There is a stone staircase leading down here.
You start resting.
You are ready to hop once more.
You start resting.
Xom's attention turns to you.
A red film seems to cover your vision as you go berserk!
You feel yourself moving faster!
You feel mighty!
You start resting.
You feel a strong urge to attack something.
You start resting.
You feel your anger subside.
Unknown command.
You start resting.
You are no longer berserk.
You are exhausted.
You feel yourself slow down.
Huge Dmg: -26%(-11hp) hp: 58%(24hp)
You start resting.
You feel yourself speed up.
You start resting.
You recover from your berserk rage.
You start resting.
HP restored.
You climb downwards.
There is a stone staircase leading up here.
Sorry, I don't know how to traverse that place.
You see here a club.
A leopard gecko comes into view.
The leopard gecko hisses angrily.
The leopard gecko closely misses you.
You hit the leopard gecko but do no damage.
The leopard gecko bites you.
The leopard gecko bites you but does no damage.
Damage: -7%(-3hp) hp: 93%(39hp)
You hit the leopard gecko.
The leopard gecko is moderately wounded.
The leopard gecko barely misses you.
You hit the leopard gecko.
You kill the leopard gecko!
No target in view!
No target in view!
(D) Dungeon
Where to? (Enter - D:3 @ (x,y), ? - help) HP restored.
You are feeling hungry.
(D) Dungeon
Where to? (Enter - D:3 @ (x,y), ? - help)
There is an open door here.
A goblin comes into view. It is wielding a dagger.
The goblin hits you with a dagger.
Damage: -4%(-2hp) hp: 96%(40hp)
You hit the goblin but do no damage. The goblin closely misses you.
You hit the goblin but do no damage. The goblin hits you with a dagger.
Damage: -3%(-1hp) hp: 93%(39hp)
You barely miss the goblin. The goblin hits you but does no damage.
You completely miss the goblin. The goblin hits you with a dagger.
Damage: -5%(-2hp) hp: 91%(38hp)
You hit the goblin.
The goblin is severely wounded.
The goblin hits you with a dagger.
Damage: -2%(-1hp) hp: 89%(37hp)
You closely miss the goblin.
The goblin is severely wounded.
The goblin closely misses you.
You hit the goblin.
You kill the goblin!
You see here a dagger.
You see here a dagger.
(D) Dungeon
Where to? (Enter - D:3 @ (x,y), ? - help)
There is an open door here.
Things that are here:
22 stones; a club; a glowing hunting sling
Things that are here:
22 stones; a club; a glowing hunting sling A hobgoblin comes into view.
It is wielding a club.
The hobgoblin shouts!
The ogre shouts!
The hobgoblin closely misses you.
There is a stone staircase leading up here.
You hit the hobgoblin.
You kill the hobgoblin!
You barely miss the ogre. The ogre barely misses you.
You climb upwards.
A goblin comes into view. It is wielding a dagger.
There is a stone staircase leading down here.
The ogre completely misses you.
The goblin shouts! "First here, now there."
You swap places with the goblin.
Some monsters swap places.
The ogre hits you with a giant club!
Huge Dmg: -38%(-16hp) hp: 62%(26hp) Xom makes a sudden noise!
You hear a mighty clap of thunder!
You are now a toy of Xom.
The ogre hits you with a giant club!!
Ouch! That really hurt!
* * * LOW HITPOINT WARNING * * *
The goblin hits you with a dagger.
You die...
Xom cackles wildly!

#################
#................ #########
#................
#######.......###................
.................................
.....#...........................
.....#..............###..........
.....#.........g.....<..........#
.....##........O@....##########.#
......+..........................
..#####.......#.##.#........)...#
...(..........#.##.#.######......
.>............+.......(.###.#..##
..............#..........##.#....
...................#.##..##.##..#
.......#############+##...#.##...
######'###### #.........#.#.#...#


You could see an ogre and a goblin.

Vanquished Creatures
  Terence (D:2)
  2 gnolls
  2 adders
  An ooze (D:2)
  3 worms
  4 dart slugs
  7 leopard geckos
  7 bats
  5 giant cockroaches
  6 goblins
  9 hobgoblins
  13 jackals
  6 kobolds
  7 frilled lizards
  6 rats
79 creatures vanquished.

Notes
Turn   | Place    | Note
-------+----------+-------------------------------------------
     0 | D:1      | Monsterracer the Barachi Chaos Knight began the quest for the Orb.
     0 | D:1      | Reached XP level 1. HP: 18/18 MP: 1/1
    68 | D:1      | Reached XP level 2. HP: 24/25 MP: 2/2
   559 | D:1      | XOM: cloud trail
   781 | D:2      | XOM: blink monster(s)
   785 | D:2      | Reached XP level 3. HP: 28/30 MP: 3/3
  1043 | D:2      | XOM is BORED!
  1043 | D:2      | XOM: noise
  1143 | D:2      | Reached XP level 4. HP: 22/37 MP: 4/4
  1144 | D:2      | HP: 12/37 [worm (10)]
  1147 | D:2      | HP: 4/37 [worm (3)]
  1156 | D:2      | HP: 5/37 [giant cockroach (1)]
  1271 | D:1      | HP: 17/37 [frilled lizard (1)]
  1570 | D:2      | XOM is BORED!
  1570 | D:2      | XOM: mild Necr miscast
  1857 | D:2      | Noticed Terence
  1874 | D:2      | Killed Terence
  2353 | D:3      | Reached XP level 5. HP: 38/42 MP: 5/5
  3211 | D:4      | Found Zaiw's Assorted Antiques.
  3211 | D:4      | Noticed an ogre
  3215 | D:4      | Noticed Frank's ghost (amateur OpFi)
  3227 | D:3      | XOM: noise
  3227 | D:3      | HP: 13/42 [ogre/giant club (15)]
  3290 | D:2      | XOM: medium Chrm miscast
  3547 | D:2      | XOM: swap monsters
  3553 | D:2      | XOM: noise
  3558 | D:2      | HP: 4/42 [ogre/giant club (23)]
  3558 | D:2      | Slain by a goblin

Skill      XL: |  1  2  3  4 |
---------------+-------------+-----
Fighting       | 4 |  4.4
Axes           | 4 |  4.9
Armour         | 3 |  3.9
Dodging        | 2 |  2.3

Action                   |  1- 3 |  4- 6 || total
-------------------------+-------+-------++-------
Melee: Hand axe          |    74 |   156 ||   230
 Abil: Hop               |       |     1 ||     1
  Use: Scroll            |       |     3 ||     3
 Stab: Confused          |       |     2 ||     2
       Paralysed         |       |     2 ||     2
  Eat: Chunk             |     1 |     8 ||     9
Armor: Leather armour    |    32 |    42 ||    74
Dodge: Dodged            |    49 |   110 ||   159

Vault maps used:
D:1:      minmay_arrival_arboretum_small
D:2:      wad_river_or_something, uniq_terence
D:4:      first_bread, serial_shops, nicolae_shop_trees,
          kennysheep_big_empty_room
